 Dungeon Crawl Stone Soup version 0.29-a0-542-g075992c915 (webtiles) character file.

Game seed: 1313977812015760189

254131 valliere the Warrior (level 19, -2/152 (174) HPs)
             Began as a Grey Draconian Monk on June 4, 2022.
             Was a High Priest of Okawaru.
             Slain by Pooter's ghost (31 damage)
             ... on level 1 of the Vaults.
             The game lasted 02:52:38 (35785 turns).

valliere the Warrior (Grey Draconian Monk)         Turns: 35785, Time: 02:52:38

HP:   -2/152 (174)  AC: 21    Str:  9    XL:     19   Next: 1%
MP:   24/28         EV: 36    Int: 14    God:    Okawaru [*****.]
Gold: 2711          SH: 16    Dex: 27    Spells: 14/18 levels left

rFire   + . .      SeeInvis .   H - +10 long sword of the Horn {speed, *Corrode Int+3 Dex+8}
rCold   . . .      Faith    .   l - +0 kite shield of Erhoc {rPois rF+}
rNeg    + . .      Spirit   .   (body armour unavailable)
rPois   +          Reflect  .   T - +2 hood of the Assassin {Detection Stab+ Stlth++}
rElec   +          Harm     .   (no cloak)
rCorr   +          Rampage  .   z - +1 pair of gloves "Verekyow" {Slay+5}
Will    +....                   f - +1 pair of boots "Enucsusm" {rElec rN+ Str-5}
Stlth   ++++++++++              E - amulet "Zanizxy" {Acrobat rCorr Stlth+}
HPRegen 0.35/turn               b - +4 ring of evasion
MPRegen 0.21/turn               D - +4 ring of slaying

@: mighty, heroic, finesse-ful, on berserk cooldown, slowed, studying Unarmed
Combat, heavily drained, very slow
A: AC +15, amphibious, unfitting armour, cold-blooded, clumsy 1
}: 2/15 runes: barnacled, gossamer
a: Renounce Religion, Heroism, Finesse, Duel


You were on level 1 of the Vaults.
You worshipped Okawaru.
Okawaru was extremely pleased with you.
You visited 6 branches of the dungeon, and saw 31 of its levels.
You visited the Abyss 1 time.
You also visited: Ice Cave.

You collected 3294 gold pieces.
You spent 583 gold pieces at shops.

Inventory:

Hand Weapons
 H - the +10 long sword of the Horn (weapon) {speed, *Corrode Int+3 Dex+8}
   (You bought it in a shop on level 6 of the Dungeon)

   Attacks with this weapon are significantly faster.
   Int:       It affects your intelligence (+3).
   Dex:       It affects your dexterity (+8).
   *Corrode:  It may corrode you when you take damage.
Armour
 f - the +1 pair of boots "Enucsusm" (worn) {rElec rN+ Str-5}
   (You found it on level 1 of the Spider Nest)

   Str:       It affects your strength (-5).
   rElec:     It insulates you from electricity.
   rN:        It protects you from negative energy.
 l - the +0 kite shield of Erhoc (worn) {rPois rF+}
   (Okawaru gifted it to you on level 3 of the Shoals)

   rF:        It protects you from fire.
   rPois:     It protects you from poison.
 z - the +1 pair of gloves "Verekyow" (worn) {Slay+5}
   (You found it on level 4 of the Spider Nest)

   Slay:      It affects your accuracy & damage with ranged weapons and melee
   (+5).
 T - the +2 hood of the Assassin (worn) {Detection Stab+ Stlth++}
   (You found it on level 4 of the Spider Nest)

   It allows the wearer to sense nearby creatures.
   It allows the wearer to make particularly effective stabbing attacks against
   helpless or unaware enemies with any weapon.
   Stlth:     It makes you much more stealthy.
Jewellery
 b - a +4 ring of evasion (left hand)
 e - a ring of resist corrosion
 j - an amulet of regeneration
 k - a ring of ice
 D - a +4 ring of slaying (right hand)
 E - the amulet "Zanizxy" (around neck) {Acrobat rCorr Stlth+}
   (You found it on level 4 of the Shoals)

   [amulet of the acrobat]

   It increases your evasion while moving and waiting.
   rCorr:     It protects you from acid and corrosion.
   Stlth:     It makes you more stealthy.
 F - a ring of see invisible
 I - a ring of ice
 L - a ring of fire
 S - a +6 ring of intelligence
 U - the amulet "Decku" {rN+ Regen+ Str-5 SInv}
   (You found it on level 10 of the Dungeon)

   [amulet of regeneration]

   Str:       It affects your strength (-5).
   rN:        It protects you from negative energy.
   SInv:      It lets you see invisible.
   Regen:     It increases your rate of health regeneration.
 W - a ring of willpower
Wands
 d - a wand of acid (4)
 n - a wand of polymorph (5)
 v - a wand of paralysis (29)
 N - a wand of flame (44)
 P - a wand of iceblast (24)
 Q - a wand of digging (9)
Scrolls
 a - 3 scrolls of amnesia {unknown}
 c - 6 scrolls of enchant armour
 h - 6 scrolls of blinking
 i - 5 scrolls of fog
 p - 7 scrolls of poison
 t - a scroll of silence
 w - a scroll of acquirement {unknown}
 x - 6 scrolls of enchant weapon
 y - 9 scrolls of teleportation
 G - 2 scrolls of brand weapon
 K - 3 scrolls of fear
 V - 3 scrolls of magic mapping
 X - 7 scrolls of identify
Potions
 g - 3 potions of curing
 m - 2 potions of brilliance
 o - 2 potions of berserk rage
 q - 4 potions of might
 r - 5 potions of ambrosia
 s - 3 potions of flight
 u - 5 potions of lignification
 A - 2 potions of attraction
 B - 5 potions of haste {unknown}
 J - 2 potions of magic {unknown}
 R - 9 potions of mutation {unknown}
 Y - 4 potions of invisibility {unknown}
 Z - 2 potions of resistance {unknown}
Miscellaneous
 C - a phial of floods


   Skills:
 + Level 16.9(21.9) Fighting
 + Level 4.3(16.9) Short Blades
 * Level 16.9(22.1) Long Blades
 * Level 15.6(20.6) Dodging
 + Level 10.2(15.2) Stealth
 + Level 9.8(14.8) Shields
 - Level 3.0 Conjurations
 - Level 9.0 Earth Magic
 + Level 12.7 Invocations
 + Level 10.0 Evocations


You had 14 spell levels left.
You knew the following spells:

 Your Spells              Type           Power      Damage    Failure   Level
a - Sandblast             Erth           50%        2d12      1%          1
b - Stone Arrow           Conj/Erth      32%        3d9       13%         3

Your spell library contained the following spells:

 Spells                   Type           Power      Damage    Failure   Level
 Passwall                 Tmut/Erth      10%        N/A       12%         2
 Magic Dart               Conj           32%        1d4       16%         1
 Searing Ray              Conj           16%        2d5       22%         2
 Lee's Rapid Deconstruct  Erth           12%        3d10*     34%         5
 Blink                    Tloc           0%         N/A       61%         2
 Scorch                   Fire           0%         2d5       61%         2
 Dazzling Flash           Conj/Hex       8%         N/A       63%         3
 Leda's Liquefaction      Hex/Erth       6%         N/A       63%         4
 Lesser Beckoning         Tloc           0%         N/A       83%         3
 Flame Wave               Conj/Fire      4%         2d5       95%         4
 Fulminant Prism          Conj/Hex       2%         3d6       95%         4
 Hailstorm                Conj/Ice       4%         3d4       95%         4
 Iskenderun's Mystic Bla  Conj/Tloc      4%         2d3       95%         4
 Airstrike                Air            0%         N/A       99%         4
 Anguish                  Hex/Necr       0%         N/A       99%         4
 Ice Form                 Ice/Tmut       0%         N/A       99%         4
 Lightning Bolt           Conj/Air       2%         1d13      100%        5
 Manifold Assault         Tloc           0%         N/A       100%        5
 Starburst                Conj/Fire      2%         6d3       100%        6
 Statue Form              Tmut/Erth      8%         N/A       100%        6
 Enfeeble                 Hex            0%         N/A       100%        7
 Summon Small Mammal      Summ           Unusable   N/A       N/A         1
 Call Canine Familiar     Summ           Unusable   N/A       N/A         3
 Summon Guardian Golem    Hex/Summ       Unusable   N/A       N/A         3
 Summon Lightning Spire   Summ/Air       Unusable   N/A       N/A         4
 Simulacrum               Ice/Necr       Unusable   N/A       N/A         6
 Summon Cactus Giant      Summ           Unusable   N/A       N/A         6

Dungeon Overview and Level Annotations

Branches:
Dungeon (14/15)            Temple (0/1) D:6            Lair (6/6) D:10
 Shoals (4/4) Lair:3       Spider (4/4) Lair:3        Slime (0/5) Lair:5
    Orc (2/2) D:10            Elf (0/3) Orc:2        Vaults (1/5) D:14
  IceCv (visited)

Altars:
Cheibriados
Dithmenos
Elyvilon
Gozag
Okawaru
Sif Muna
Yredelemnul
Beogh

Shops:
D:6 [[(!   D:13 *   Orc:2 (?=([(*:=   Shoals:1 (*   Shoals:2 (   Vaults:1 (

Portals:
Trove: Vaults:1 (give 7 scrolls of blinking)

Annotations:
D:6 4 runed translucent doors
D:10 1 runed translucent door
Vaults:1 Pooter's ghost, adept MiBe


Innate Abilities, Weirdness & Mutations

Your dull iron-grey scales are very hard. (AC +15)
You are amphibious.
You cannot fit into any form of body armour.
You are cold-blooded and may be slowed by cold attacks.
You are clumsy. (Dex -2)


Message History

You feel less confused. Pooter's ghost hits you. You partially resist.
You feel drained. Pooter's ghost completely misses you.
You cut Pooter's ghost into ribbons!!!
Pooter's ghost is heavily damaged.
Pooter's ghost hits you but does no damage.
You partially resist.
You slice Pooter's ghost!!
Pooter's ghost is severely damaged.
You closely miss Pooter's ghost.
Pooter's ghost is severely damaged.
Pooter's ghost hits you but does no damage.
You partially resist.
You hit Pooter's ghost but do no damage.
Pooter's ghost is severely damaged.
Pooter's ghost hits you!!
* * * LOW HITPOINT WARNING * * *
You partially resist.
You feel drained.
* * * LOW HITPOINT WARNING * * *
You hit Pooter's ghost but do no damage.
You tail-slap Pooter's ghost, but do no damage.
Pooter's ghost is severely damaged.
Pooter's ghost completely misses you.
You slice Pooter's ghost!!
Pooter's ghost is almost destroyed.
You slash Pooter's ghost!
Pooter's ghost is almost destroyed.
You block Pooter's ghost's attack.
You closely miss Pooter's ghost.
Pooter's ghost is almost destroyed.
You block Pooter's ghost's attack.
You are mighty.
You possess the skills of a mighty hero.
You are unable to berserk.
You are slowed.
You are studying Unarmed Combat.
Your life force is heavily drained.
Your movement speed is very slow.
Your attack delay is about 0.8 (and cannot be improved with additional weapon skill).
Your base attributes are Str 14, Int 11, Dex 21.
You can now deal lightning-fast blows.
Pooter's ghost hits you!!
You die...

..# #............................
..# #............................
..# #............................
'####............)...............
....#.....#####'#################
....'.....#...............#
....#.....#8.............8#
....#.....#######'''#######
....#.....##...)@).......#
....#.....##...W#####....#
....#.....##.###oo{..###.#
.(..#.....##.#8#{.8..#8#.#
....#.....##....o........# ####
#####.....# 8.. .[_[[... #..# ..#
#.....### ###### #..' ..# #.....#
#..# ..# #.....# ##'#


You could see Pooter's ghost.

Vanquished Creatures
  A lich (D:10)
  Frances (Spider:1)
  A kraken (Shoals:3)
  Kirke (Shoals:1)
  6 emperor scorpions (Spider:4)
  5 ghost moths
  An orc warlord (Vaults:1)
  2 vault wardens (Vaults:1)
  3 broodmothers
  7 ironbound preservers (Vaults:1)
  A reaper (IceCv)
  A very ugly thing (Vaults:1)
  3 stone giants
  4 entropy weavers
  A spark wasp (Spider:4)
  Azrael (Orc:2)
  An ettin (Orc:1)
  Snorg (D:12)
  2 dire elephants (Vaults:1)
  7 merfolk javelineers
  A fire dragon (Lair:6)
  10 merfolk impalers
  2 yaktaur captains (Vaults:1)
  Josephine (Lair:4)
  2 great orbs of eyes (Vaults:1)
  5 hydras
  10 boulder beetles
  3 merfolk avatars
  4 ogre magi (Orc:2)
  22 two-headed ogres
  An ironbound frostheart (Vaults:1)
  3 merfolk aquamancers
  A radroach (Spider:1)
  2 dancing weapons (D:14)
  A naga warrior (Abyss:2)
  3 alligator snapping turtles
  5 centaur warriors
  2 satyrs
  7 death yaks
  2 orc high priests
  Nergalle (Lair:3)
  Sonja (D:11)
  3 pharaoh ants
  The ghost of jlumianski the Cleaver, a novice DsFi of Qazlal (D:10)
  3 sun moths
  7 skeletal warriors
  Amaemon (Lair:1)
  20 deep trolls (Vaults:1)
  16 sea snakes
  2 kraken simulacra (Shoals:4)
  7 steelbarb worms
  A glowing orange brain (D:10)
  A swamp dragon (Lair:6)
  9 orb spiders
  3 ironbound convokers (Vaults:1)
  7 orc knights
  11 harpies
  2 wizards
  A lindwurm (Vaults:1)
  A deep elf pyromancer (D:14)
  A necromancer (D:10)
  18 wolf spiders
  A large abomination (Abyss:2)
  2 orc sorcerers
  7 cyclopes
  2 moths of wrath
  4 ugly things
  7 fauns
  12 manticores
  9 black mambas
  Maurice (Orc:2)
  10 merfolk sirens
  2 ice statues (IceCv)
  An orange demon (Lair:1)
  5 torpor snails
  7 water nymphs
  2 vault sentinels (Vaults:1)
  A gargoyle (D:11)
  An unseen horror (D:12)
  13 cane toads
  Psyche (D:11)
  A kobold demonologist (D:10)
  9 demonic crawlers
  An anaconda simulacrum (IceCv)
  5 rime drakes
  5 komodo dragons
  An efreet (D:13)
  7 ice devils (IceCv)
  40 merfolk
  5 trolls
  12 meliai
  4 wind drakes
  6 hornets
  18 tarantellas
  Grinder (D:3)
  14 polar bears
  3 raiju (Lair:6)
  13 snapping turtles
  11 dream sheep
  21 jumping spiders
  22 slime creatures
  24 blink frogs
  6 vampires
  6 spriggans (Lair:4)
  80 yaks
  8 water elementals
  2 centaur simulacra
  A dire elephant simulacrum (IceCv)
  6 wyverns
  9 wraiths
  12 culicivoras
  4 humans (Shoals:1)
  Eustachio (D:6)
  4 basilisks
  3 fire elementals (Orc:2)
  4 steam dragons
  38 redbacks
  4 vampire mosquitoes (D:10)
  A redback simulacrum (D:14)
  4 swamp worms (Lair:2)
  Edmund (D:6)
  8 wargs
  3 acid dragons
  16 water moccasins
  15 hell hounds
  2 swamp drakes (Lair:6)
  24 orc warriors
  2 sky beasts
  19 black bears
  An ice beast (D:6)
  4 centaurs
  31 ogres
  4 boggarts (Vaults:1)
  19 wolves
  A phantom (D:7)
  A kobold brigand (D:9)
  16 bullfrogs
  3 cane toad simulacra (IceCv)
  A gnoll sergeant (D:11)
  A two-headed ogre simulacrum (IceCv)
  3 necrophages
  6 scorpions
  8 wights
  5 killer bees (D:9)
  2 elephant simulacra (IceCv)
  4 electric eels
  17 orc priests
  3 hounds
  2 gnoll shamans
  Crazy Yiuf (D:4)
  5 jellies
  7 iguanas
  Jessica (D:2)
  Natasha (D:4)
  21 orc wizards
  4 troll simulacra (IceCv)
  3 spriggan simulacra (IceCv)
  3 small abominations (Abyss:2)
  Robin (D:2)
  17 gnolls
  3 naga simulacra (IceCv)
  6 adders
  2 shadow imps (D:6)
  5 white imps
  2 ufetubi
  2 worms
  A dart slug (D:5)
  87 orcs
  8 endoplasms
  8 hobgoblins
  8 quokkas
  2 ball pythons (D:3)
  4 bats
  A frilled lizard (D:3)
  12 goblins
  10 kobolds
  3 rats (D:1)
  A bush (Lair:6)
  2 tentacles (Shoals:4)
1211 creatures vanquished.

Vanquished Creatures (others)
  A harpy (Shoals:4)
  A komodo dragon (Lair:6)
  An iguana (Lair:6)
  9 fungi
  156 plants
  15 tentacles
183 creatures vanquished.

Grand Total: 1394 creatures vanquished

Notes
Turn   | Place    | Note
-------+----------+-------------------------------------------
     0 | D:1      | valliere the Draconian Monk began the quest for the Orb.
     0 | D:1      | Reached XP level 1. HP: 19/19 MP: 1/1
   361 | D:1      | Found a faded altar of an unknown god.
   452 | D:1      | Prayed at the altar of an unknown god.
   452 | D:1      | Became a worshipper of Warmaster Okawaru
   452 | D:1      | Reached * piety under Okawaru
   452 | D:1      | Reached ** piety under Okawaru
   534 | D:1      | Reached XP level 2. HP: 26/26 MP: 2/2
   908 | D:2      | Noticed Jessica
   917 | D:2      | Killed Jessica
   918 | D:2      | Reached XP level 3. HP: 20/33 MP: 0/3
  1073 | D:2      | Noticed Robin
  1107 | D:2      | Reached *** piety under Okawaru
  1122 | D:2      | Killed Robin
  1123 | D:2      | Reached XP level 4. HP: 23/40 MP: 2/4
  1386 | D:2      | You fall into a shaft and drop 1 floor!
  1463 | D:3      | Reached skill level 1 in Invocations
  1733 | D:3      | Noticed Grinder
  1751 | D:3      | Paralysed by Grinder for 3 turns
  1757 | D:3      | Killed Grinder
  1758 | D:3      | Reached skill level 5 in Long Blades
  1758 | D:3      | Reached XP level 5. HP: 4/47 MP: 1/6
  1758 | D:3      | Reached XP level 6. HP: 5/55 MP: 1/7
  2719 | D:4      | Reached skill level 5 in Fighting
  3254 | D:4      | Found a white marble altar of Elyvilon.
  3433 | D:4      | Found a runed translucent door.
  3434 | D:4      | Noticed Crazy Yiuf
  3444 | D:4      | Killed Crazy Yiuf
  3445 | D:4      | Your scales start taking on a dull iron-grey colour.
  3445 | D:4      | Reached XP level 7. HP: 53/61 MP: 9/9
  3448 | D:4      | Identified the +3 mace "Nexotoph" {vorpal, Str+6}
  3585 | D:4      | Noticed Natasha
  3594 | D:4      | Killed Natasha
  3811 | D:5      | Entered Level 5 of the Dungeon
  3885 | D:5      | Reached **** piety under Okawaru
  4254 | D:5      | Reached XP level 8. HP: 12/70 MP: 11/11
  4587 | D:5      | Found a shadowy altar of Dithmenos.
  5117 | D:6      | Found a large runed translucent door.
  5150 | D:6      | Noticed Edmund
  5168 | D:6      | Killed Edmund
  5169 | D:6      | Reached skill level 5 in Invocations
  5362 | D:6      | Found a staircase to the Ecumenical Temple.
  5401 | D:6      | Found a large runed translucent door.
  5403 | D:6      | Found the ring of the Mage {Wiz Archmagi}
  5408 | D:6      | Noticed a two-headed ogre
  5408 | D:6      | Noticed a boulder beetle
  5429 | D:6      | Found a large runed translucent door.
  5429 | D:6      | Found a large runed translucent door.
  5822 | D:6      | Received a gift from Okawaru
  5823 | D:6      | Reached XP level 9. HP: 78/79 MP: 13/13
  6318 | D:6      | Found an opulent altar of Gozag.
  6424 | D:6      | Found Tiovvu's Antique Armour Boutique.
  6425 | D:6      | Found Wicw's Distillery.
  6425 | D:6      | Found Qemmier's Armour Boutique.
  6462 | D:6      | Found Uvasusa's Antique Weapon Boutique.
  6467 | D:6      | Bought a scorched long sword for 187 gold pieces
  6467 | D:6      | Identified the +10 long sword of the Horn {speed, *Corrode
                  | Int+3 Dex+8} (You bought it in a shop on level 6 of the
                  | Dungeon)
  6485 | D:6      | Reached ***** piety under Okawaru
  6706 | D:6      | Reached skill level 10 in Long Blades
  6774 | D:6      | Noticed Eustachio
  6806 | D:6      | Killed Eustachio
  7624 | D:7      | Identified the +1 pair of gloves of Gogeysho {+Inv rC++
                  | Regen+ Str-5} (Okawaru gifted it to you on level 7 of the
                  | Dungeon)
  7624 | D:7      | Received a gift from Okawaru
  8448 | D:8      | Reached XP level 10. HP: 90/90 MP: 14/14
  8588 | D:8      | Found an iron altar of Okawaru.
  9109 | D:9      | Reached skill level 5 in Dodging
  9370 | D:9      | Noticed a two-headed ogre
  9380 | D:9      | Killed a two-headed ogre
  9464 | D:9      | Noticed a two-headed ogre
  9473 | D:9      | Killed a two-headed ogre
  9795 | D:9      | Reached skill level 10 in Fighting
  9798 | D:9      | Reached XP level 11. HP: 94/99 MP: 15/15
 10317 | D:10     | Entered Level 10 of the Dungeon
 10324 | D:10     | Identified the +0 pair of boots "Faunoehi" {Harm rElec
                  | Will+ Int+4} (Okawaru gifted it to you on level 10 of the
                  | Dungeon)
 10324 | D:10     | Received a gift from Okawaru
 10414 | D:10     | Found a staircase to the Orcish Mines.
 10432 | D:10     | Noticed jlumianski's ghost (novice DsFi)
 10433 | D:10     | Noticed a lich
 10449 | D:10     | Noticed a two-headed ogre
 10457 | D:10     | Killed a two-headed ogre
 10635 | D:10     | Found a basalt altar of Yredelemnul.
 10701 | D:10     | Noticed a two-headed ogre
 10709 | D:10     | Killed a two-headed ogre
 10857 | D:10     | Found a runed translucent door.
 10878 | D:10     | Found a runed translucent door.
 10879 | D:10     | Noticed a necromancer
 10880 | D:10     | Noticed a glowing orange brain
 10883 | D:10     | Noticed a centaur warrior
 10885 | D:10     | Noticed a skeletal warrior
 11006 | D:10     | Noticed a centaur warrior
 11006 | D:10     | Noticed a five-headed hydra
 11037 | D:10     | Killed a 12-headed hydra
 11085 | D:10     | Noticed a two-headed ogre
 11093 | D:10     | Killed a two-headed ogre
 11120 | D:10     | Found a staircase to the Lair.
 11121 | D:10     | Found a snail-covered altar of Cheibriados.
 11338 | D:10     | Found a shimmering blue altar of Sif Muna.
 11449 | D:11     | Noticed Psyche
 11461 | D:11     | Killed Psyche
 11536 | D:11     | Reached XP level 12. HP: 110/110 MP: 16/16
 11630 | D:11     | Identified the +1 pair of gloves "Haonumn" {Will+} (Okawaru
                  | gifted it to you on level 11 of the Dungeon)
 11630 | D:11     | Received a gift from Okawaru
 11641 | D:11     | Reached ****** piety under Okawaru
 11694 | D:11     | Noticed a two-headed ogre
 11699 | D:11     | Killed a two-headed ogre
 11894 | D:11     | Noticed a boulder beetle
 11924 | D:11     | Killed a boulder beetle
 12053 | D:11     | Noticed Sonja
 12058 | D:11     | Cast into level 2 of the Abyss (Sonja)
 12179 | Abyss:2  | Found a large runed translucent door.
 12199 | Abyss:2  | Found a large runed translucent door.
 12205 | Abyss:2  | Found a large runed translucent door.
 12205 | Abyss:2  | Found a large runed translucent door.
 12228 | Abyss:2  | Noticed a starcursed mass
 12257 | Abyss:2  | Noticed a naga warrior
 12267 | Abyss:2  | Killed a naga warrior
 12270 | Abyss:2  | Found an iron altar of Okawaru.
 12328 | Abyss:2  | Noticed a rakshasa
 12347 | Abyss:2  | Found a large runed translucent door.
 12348 | Abyss:2  | Found a large runed translucent door.
 12352 | Abyss:2  | Found a large runed translucent door.
 12352 | Abyss:2  | Found a large runed translucent door.
 12355 | Abyss:2  | Found a large runed translucent door.
 12393 | D:11     | Escaped the Abyss
 12400 | D:11     | Killed Sonja
 12588 | Lair:1   | Entered Level 1 of the Lair of Beasts
 12588 | Lair:1   | Noticed Amaemon
 12602 | Lair:1   | Killed Amaemon
 13492 | Lair:2   | Received a gift from Okawaru
 13556 | Lair:2   | Noticed a boulder beetle
 13582 | Lair:2   | Killed a boulder beetle
 13583 | Lair:2   | Reached skill level 1 in Evocations
 13656 | Lair:2   | Reached skill level 10 in Dodging
 13807 | Lair:2   | Learned a level 1 spell: Sandblast
 14052 | Lair:3   | Reached skill level 1 in Earth Magic
 14057 | Lair:3   | Reached XP level 13. HP: 122/122 MP: 18/18
 14105 | Lair:3   | Reached skill level 1 in Shields
 14116 | Lair:3   | Noticed Nergalle
 14125 | Lair:3   | Killed Nergalle
 14230 | Lair:3   | Found a hole to the Spider Nest.
 14282 | Lair:3   | Found a staircase to the Shoals.
 14991 | Lair:4   | Received a gift from Okawaru
 15236 | Lair:4   | Noticed Josephine
 15248 | Lair:4   | Killed Josephine
 15248 | Lair:4   | Identified the +2 hat of a ziggurat {Harm rF+ Dex-3}
                  | (Okawaru gifted it to you on level 4 of the Lair of Beasts)
 15248 | Lair:4   | Received a gift from Okawaru
 15394 | Lair:5   | Found a staircase to the Slime Pits.
 15548 | Lair:5   | Reached skill level 5 in Earth Magic
 16430 | Lair:6   | Entered Level 6 of the Lair of Beasts
 16470 | Lair:6   | Reached XP level 14. HP: 132/132 MP: 20/20
 16502 | Lair:6   | Received a gift from Okawaru
 16640 | Lair:6   | Reached skill level 5 in Stealth
 17390 | Lair:6   | Reached skill level 5 in Evocations
 17458 | Lair:6   | Received a gift from Okawaru
 17613 | Lair:6   | Identified the +2 flail of the Swamp {protect, rF+++ rC+
                  | Str-2}
 17642 | Lair:6   | Reached skill level 5 in Shields
 17844 | Spider:1 | Entered Level 1 of the Spider Nest
 17903 | Spider:1 | Found a transporter.
 17905 | Spider:1 | Found a transporter.
 17974 | Spider:1 | Got the +1 pair of boots "Enucsusm" {rElec rN+ Str-5}
 18036 | Spider:1 | Identified the +3 scimitar of Okawaru's Esteem {venom,
                  | Int+5} (Okawaru gifted it to you on level 1 of the Spider
                  | Nest)
 18036 | Spider:1 | Received a gift from Okawaru
 18055 | Spider:1 | Noticed Frances
 18082 | Spider:1 | Killed Frances
 18489 | Spider:1 | Noticed a broodmother
 18506 | Spider:1 | Killed a broodmother
 18524 | Spider:1 | Reached XP level 15. HP: 39/139 MP: 16/21
 18726 | Spider:1 | HP: 6/139 [jumping spider (6)]
 18750 | Spider:1 | Gained mutation: You are clumsy. (Dex -2) [mutagenic glow]
 19001 | Spider:2 | Identified the +0 hat of Context {Int+3} (Okawaru gifted it
                  | to you on level 2 of the Spider Nest)
 19001 | Spider:2 | Received a gift from Okawaru
 19469 | Spider:2 | Reached skill level 15 in Fighting
 20979 | Spider:3 | Reached skill level 10 in Invocations
 21076 | Spider:3 | Received a gift from Okawaru
 21076 | Spider:3 | Found the +2 hat of the Bear Spirit {Spirit, *Rage Will++}
 21508 | Spider:4 | Entered Level 4 of the Spider Nest
 21689 | Spider:4 | Noticed an emperor scorpion
 21702 | Spider:4 | Killed an emperor scorpion
 21773 | Spider:4 | Reached skill level 15 in Long Blades
 21976 | Spider:4 | Reached XP level 16. HP: 149/149 MP: 0/23
 22877 | Spider:4 | Found the +2 hood of the Assassin {Detection Stab+ Stlth++}
 22897 | Spider:4 | Identified the +1 pair of gloves "Verekyow" {Slay+5}
 22932 | Spider:4 | Got a gossamer rune of Zot
 22978 | Spider:4 | Paralysed by a hornet for 1 turns
 23238 | D:10     | Killed jlumianski's ghost
 23250 | D:10     | Identified the +1 hat "Jaroam" {rCorr} (Okawaru gifted it
                  | to you on level 10 of the Dungeon)
 23250 | D:10     | Received a gift from Okawaru
 23269 | D:10     | Killed a lich
 23276 | D:10     | Identified the amulet "Decku" {rN+ Regen+ Str-5 SInv}
 23355 | Orc:1    | Entered Level 1 of the Orcish Mines
 23707 | Orc:1    | Found a transporter.
 24101 | Orc:1    | Found a transporter.
 24130 | Orc:1    | Identified the +0 pair of boots of the Northern Lights
                  | {Int+6}
 24253 | Orc:2    | Entered Level 2 of the Orcish Mines
 24253 | Orc:2    | Found Innuhooh's Weapon Emporium.
 24264 | Orc:2    | Found Kuukk's Magic Scroll Shoppe.
 24266 | Orc:2    | Noticed Azrael
 24300 | Orc:2    | Killed Azrael
 24410 | Orc:2    | Found a staircase to the Elven Halls.
 24418 | Orc:2    | Noticed Maurice
 24425 | Orc:2    | Killed Maurice
 24492 | Orc:2    | Found Xiczes's Jewellery Emporium.
 24499 | Orc:2    | Found Arimmiem's Antique Weapon Shoppe.
 24575 | Orc:2    | Found Uteus's Jewellery Shop.
 24692 | Orc:2    | Paralysed by an ogre mage for 4 turns
 24696 | Orc:2    | HP: 2/151 [two-headed ogre/+0 giant club (8)]
 25011 | Orc:2    | Learned a level 3 spell: Stone Arrow
 25036 | Orc:2    | Found Juon Javvaosh's Book Shoppe.
 25036 | Orc:2    | Found Pita's Antique Weapon Shop.
 25037 | Orc:2    | Found Jodapsee's Assorted Antiques.
 25037 | Orc:2    | Found Faiqad's Antique Armour Emporium.
 25048 | Orc:2    | Bought a book of the Earth for 396 gold pieces
 25086 | Orc:2    | Found a frozen archway.
 25097 | IceCv    | Entered an ice cave
 25293 | IceCv    | Reached skill level 1 in Conjurations
 25391 | IceCv    | Received a gift from Okawaru
 25750 | Orc:2    | Reached XP level 17. HP: 157/158 MP: 25/25
 26138 | Shoals:1 | Entered Level 1 of the Shoals
 26482 | Shoals:1 | Found Xofewiaff's Mayhem Merchandise.
 26521 | Shoals:1 | Noticed Kirke
 26541 | Shoals:1 | Killed Kirke
 26672 | Shoals:1 | Received a gift from Okawaru
 26770 | Shoals:1 | Found Api Nuad's Antique Weapon Shop.
 27244 | Shoals:2 | Found Jiph's Weapon Boutique.
 28213 | Shoals:3 | Identified the +0 kite shield of Erhoc {rPois rF+} (Okawaru
                  | gifted it to you on level 3 of the Shoals)
 28213 | Shoals:3 | Received a gift from Okawaru
 28317 | Shoals:3 | Noticed a kraken
 28338 | Shoals:3 | Killed a kraken
 28927 | Shoals:4 | Entered Level 4 of the Shoals
 29120 | Shoals:4 | Reached skill level 1 in Short Blades
 29162 | Shoals:4 | Got a barnacled rune of Zot
 29522 | Shoals:4 | Identified the amulet "Zanizxy" {Acrobat rCorr Stlth+}
 29664 | Shoals:4 | Reached XP level 18. HP: 87/168 MP: 20/26
 30597 | Shoals:4 | Reached skill level 15 in Dodging
 31700 | D:12     | Noticed Snorg
 31707 | D:12     | Killed Snorg
 32327 | D:13     | Found Yzies's Assorted Antiques.
 32694 | D:14     | Received a gift from Okawaru
 32821 | D:14     | Identified the +2 leather armour of a Labyrinth {Harm}
 33134 | D:14     | Found a gate to the Vaults.
 33693 | Vaults:1 | Entered Level 1 of the Vaults
 33746 | Vaults:1 | Found a runed translucent gate.
 33746 | Vaults:1 | Found a runed translucent gate.
 33746 | Vaults:1 | Found a runed translucent gate.
 33777 | Vaults:1 | Identified the +0 plate armour of the Orb {rC++ Regen+}
 33835 | Vaults:1 | Noticed Pooter's ghost (adept MiBe)
 34248 | Vaults:1 | Found a portal to a secret trove of treasure.
 34277 | Vaults:1 | Reached skill level 10 in Stealth
 34527 | Vaults:1 | Received a gift from Okawaru
 35019 | Vaults:1 | Found Aribamon's Antique Weapon Shoppe.
 35484 | Vaults:1 | Reached skill level 10 in Evocations
 35496 | Vaults:1 | Identified the +1 hat "Abeegh" {Harm Slay+2} (Okawaru
                  | gifted it to you on level 1 of the Vaults)
 35496 | Vaults:1 | Received a gift from Okawaru
 35761 | Vaults:1 | Reached XP level 19. HP: 93/172 MP: 23/28
 35785 | Vaults:1 | Slain by Pooter's ghost

Illustrated notes

Levels and vault maps discovered:
D:1:      ncdulo_watergridlock, layout_loops_ring,
          nicolae_ecumenical_lake_church, nicolae_figureground_sparkle
D:2:      layout_loops_ring, small_statue_intersection, uniq_robin, uniq_jessica
D:3:      layout_loops_corners, uniq_grinder
D:4:      layout_loops_ring, nicolae_elyvilon_temple_path,
          uniq_crazy_yiuf_cottage, uniq_natasha
D:5:      layout_basic, mainiacjoe_overflow_tiny_flanked
D:6:      layout_gridville, lemuel_crystal_altar,
          minmay_temple_entry_stoned_glass, amethyst_killhole,
          minmay_misc_feat_iff, hangedman_decor_riveting,
          minmay_shop_grid_forest, nrook_uturn, minmay_misc_feat_encased,
          minmay_misc_feat_more_columns, minivault_22,
          minmay_hollow_rounded_squares, uniq_eustachio, uniq_edmund
D:7:      layout_layer_cave
D:8:      layout_basic, mainiacjoe_overflow_alcove_4, minivault_22,
          patterned_corridor
D:9:      layout_stronghold, enter_bailey_2
D:10:     layout_grid_maze, nicolae_overflow_hidden_temple,
          mainiacjoe_overflow_big_doors, lair_entry_dummy, hiddenorc1_lemuel,
          muffindrake_ghost_dual_entry, grunt_ministairs_13, st_stairs_7,
          grunt_tough_drop
D:11:     layout_irregular_city, uniq_sonja, uniq_psyche
D:12:     layout_stronghold, uniq_snorg
D:13:     layout_basic, serial_shops, kennysheep_little_box
D:14:     layout_stronghold, erik_vaults_1, hangedman_decor_opposing
Lair:1:   layout_chaotic_city, infiniplex_staircase_pool_2,
          serial_bayou_shore_a, uniq_amaemon
Lair:2:   beast_lair_carwin_large_3, layout_big_grid, worms_lemuel
Lair:3:   layout_regular_city, minmay_shoals_entry_hut,
          spider_nest_entry_web_field, serial_bayou_pond_e, uniq_nergalle
Lair:4:   layout_roguey, serial_bayou, serial_bayou_ford_a, serial_bayou_pond_e,
          serial_bayou_lagoon_a, serial_bayou_pond_d, serial_bayou_pond_e,
          wad_woods_01, uniq_josephine
Lair:5:   nzn_winding_woodlands_stair_cross [nzn_winding_woodlands_5x15_garden,
          nzn_winding_woodlands_center_pierced_h,
          nzn_winding_woodlands_5x15_river_crossing,
          nzn_winding_woodlands_5x5_checkerboard,
          nzn_winding_woodlands_5x5_cross,
          nzn_winding_woodlands_5x15_split_checker,
          nzn_winding_woodlands_center_lodge,
          nzn_winding_woodlands_5x15_sidewinder], layout_hall_layers,
          nicolae_slime_entry_slimehenge
Lair:6:   hangedman_lair_caniforms_friends, layout_big_grid,
          guppyfry_lair_end_dragon
Shoals:1: layout_shoals, serial_shops, shop, minmay_shop_mayhem, uniq_kirke
Shoals:2: layout_shoals, serial_shops, nicolae_shop_behind_doors,
          nicolae_shoals_siren_and_animal_friends
Shoals:3: layout_shoals
Shoals:4: shoals_end_grunt_ice, layout_shoals
Spider:1: gammafunk_boulding_lane, nicolae_spider_circle_web, uniq_frances
Spider:2: layout_chambers, hangedman_spider_mandibles
Spider:3: layout_cave_pods, hellmonk_narrow_tunnel,
          hangedman_spider_tarantella_strand
Spider:4: spider_rune_water, drop_trap
Orc:1:    gammafunk_beogh_shrine, layout_caves
Orc:2:    st_orc_ogre_mass, layout_diamond_mine, portal_ice_cave_rime,
          serial_shops, nicolae_diamond_shop, shop, shop, shop,
          nicolae_lakefront_shop, uniq_azrael, uniq_maurice
Vaults:1: biasface_ghost_orc_armoury, ontoclasm_vaults_misaligned, v_rooms_3,
          v_alt_pattern_3, vaults_room_glass_cross,
          nicolae_vaults_little_squares_1, vaults_room_ringed_pool,
          vaults_mumra_minichess_inversion, nicolae_vaults_big_ls,
          grunt_vaults_funnel, nicolae_vaults_rhombus_5, layout_vaults_ring,
          enter_trove_2, serial_shops, shop

Skill      XL: |  1  2  3  4  5  6  7  8  9 10 11 12 13 14 15 16 17 18 |
---------------+-------------------------------------------------------+-----
Long Blades    | 4 5 6 7 9 10 12 14 15 16 | 16.9
Fighting       | 4 5 6 7 8 10 11 13 14 15 16 | 16.9
Invocations    | 2 3 4 5 6 8 9 10 11 12 | 12.7
Dodging        | 4 5 7 10 11 13 14 15 | 15.6
Stealth        | 2 4 6 7 8 9 10 | 10.2
Evocations     | 1 4 5 7 8 9 10 | 10.0
Earth Magic    | 1 6 7 9 |  9.0
Shields        | 3 5 6 8 9 |  9.8
Conjurations   | 1 3 |  3.0
Short Blades   | 1 4 |  4.3

Action                   |  1- 3 |  4- 6 |  7- 9 | 10-12 | 13-15 | 16-18 | 19-21 || total
-------------------------+-------+-------+-------+-------+-------+-------+-------++-------
Melee: Falchion          |    81 |   174 |   288 |       |       |       |       ||   543
       Tailslap          |    10 |    26 |    61 |    95 |   289 |   393 |     4 ||   878
       Punch             |       |       |     8 |    11 |     1 |       |       ||    20
       Long sword        |       |       |    77 |   534 |  1384 |  1786 |    19 ||  3800
Throw: Throwing net      |       |       |     1 |       |       |       |       ||     1
       Boomerang         |       |       |       |       |       |     2 |       ||     2
Invok: Heroism           |     2 |     3 |     2 |    11 |    16 |    19 |       ||    53
       Finesse           |       |       |       |     3 |     6 |    16 |     1 ||    26
  Use: Scroll            |       |     3 |     3 |     9 |     7 |     9 |       ||    31
       Potion            |       |       |     2 |       |     7 |     5 |     1 ||    15
 Stab: Sleeping          |       |     8 |     7 |     5 |    20 |    63 |       ||   103
       Invisible         |       |     1 |       |       |       |       |       ||     1
       Distracted        |       |       |     2 |     1 |     1 |     7 |       ||    11
Armor: Skin              |    16 |    44 |   161 |   116 |   271 |   224 |     4 ||   836
Dodge: Dodged            |    55 |   110 |   231 |   275 |   949 |  1060 |     9 ||  2689
Block: Buckler           |       |       |       |       |   346 |   216 |       ||   562
       Kite shield       |       |       |       |       |       |   434 |     3 ||   437

Table legend: (Time is in decaauts)
 A = Elapsed time spent in this place.
 B = Non-inter-level travel time spent in this place.
 C = Inter-level travel time spent in this place.
 D = Time resting spent in this place.
 E = Time spent auto-exploring this place.
 F = Levels seen in this place.
 G = Mean time per level.
                   A        B        C        D        E       F      G
               +--------+--------+--------+--------+--------+-----+--------+
         Total |  33924 |  32097 |   1827 |   1192 |  23801 |  33 | 1028.0 |
       Dungeon |  15245 |  14440 |    805 |    568 |  11567 |  14 | 1088.9 |
          Lair |   4981 |   4475 |    506 |     55 |   3276 |   6 |  830.2 |
        Shoals |   4236 |   4066 |    170 |    166 |   2853 |   4 | 1059.0 |
   Spider Nest |   4834 |   4618 |    216 |    388 |   3082 |   4 | 1208.5 |
  Orcish Mines |   2008 |   1880 |    128 |      0 |   1266 |   2 | 1004.0 |
        Vaults |   1950 |   1950 |      0 |      0 |   1503 |   1 | 1950.0 |
         Abyss |    321 |    321 |      0 |      0 |    146 |   1 |  321.0 |
      Ice Cave |    347 |    347 |      0 |     15 |    108 |   1 |  347.0 |
               +--------+--------+--------+--------+--------+-----+--------+

Top non-repeatable levels by time:
Vaults:1: 1950 daAuts
     D:6: 1932 daAuts
Shoals:4: 1630 daAuts
    D:10: 1573 daAuts
Spider:4: 1402 daAuts
     D:5: 1293 daAuts
     D:3: 1268 daAuts
Spider:3: 1239 daAuts
     D:9: 1228 daAuts
     D:7: 1213 daAuts
Spider:2: 1198 daAuts
     D:4: 1156 daAuts
  Lair:5: 1115 daAuts
   Orc:1: 1085 daAuts
    D:14: 1013 daAuts
